 Dungeon Crawl Stone Soup version 0.28.0 (webtiles) character file.

Game seed: 17776420342760890426

169 blackman the Chopper (level 5, 0/41 HPs)
             Began as a Human Monk on Feb 5, 2022.
             Was a Follower of Ru.
             Slain by Jessica (3 damage)
             ... on level 3 of the Dungeon.
             The game lasted 00:12:05 (4198 turns).

blackman the Chopper (Human Monk)                   Turns: 4198, Time: 00:12:05

Health: 0/41       AC:  4    Str: 14    XL:     5   Next: 79%
Magic:  5/5        EV: 12    Int: 10    God:    Ru [*.....]
Gold:   71         SH:  0    Dex: 15    Spells: 4/4 levels left

rFire   . . .      SeeInvis .   r - +0 long sword (elec)
rCold   . . .      Faith    .   (no shield)
rNeg    . . .      Spirit   .   p - +0 leather armour
rPois   .          Reflect  .   (no helmet)
rElec   .          Harm     .   (no cloak)
rCorr   .          Rampage  .   v - +0 pair of gloves
Will    .....                   (no boots)
Stlth   ++........              (no amulet)
HPRegen 0.13/turn               (no ring)
MPRegen 0.09/turn               (no ring)

@: invisible
A: no hexes magic, no ice magic, no necromancy magic
a: Renounce Religion


You were on level 3 of the Dungeon.
You worshipped Ru.
Ru was aware of your devotion.
You visited 1 branch of the dungeon, and saw 3 of its levels.

You collected 71 gold pieces.

Inventory:

Hand Weapons
 a - a +0 dagger of venom
 b - a +0 hunting sling
 f - a +0 dagger
 k - a +0 hand axe
 r - a +0 long sword of electrocution (weapon)
Missiles
 d - 16 sling bullets
 n - 94 stones (quivered)
Armour
 m - a +0 robe
 p - a +0 leather armour (worn)
 v - a +0 pair of gloves (worn)
Scrolls
 e - a scroll of silence {unknown}
 g - 3 scrolls of noise {unknown}
 h - 2 scrolls of immolation {unknown}
 o - a scroll of fog {unknown}
 t - a scroll of identify {unknown}
Potions
 c - a potion of resistance {unknown}
 i - a potion of haste {unknown}
 j - a potion of curing {unknown}
 l - a potion of attraction {unknown}
 q - a potion of heal wounds {unknown}
 s - 2 potions of invisibility
 u - a potion of brilliance {unknown}


   Skills:
 - Level 3.0 Fighting
 * Level 1.6 Long Blades
 - Level 5.6 Axes
 - Level 3.0 Dodging
 - Level 2.0 Stealth


You had 4 spell levels left.
You didn't know any spells.
Your spell library was empty.

Dungeon Overview and Level Annotations

Branches:
Dungeon (3/15)

Altars:
Gozag
Ru

Shops:
D:1 !

Annotations:
D:3 Jessica, Sigmund


Innate Abilities, Weirdness & Mutations

You cannot study or cast Hexes magic.
You cannot study or cast Ice magic.
You cannot study or cast Necromancy magic.


Message History

Jessica blinks!
You slash Jessica!
Jessica is almost dead.
Jessica completely misses you. Jessica closely misses you.
You closely miss Jessica.
Jessica is almost dead.
Jessica hits you with a +0 dagger. Jessica gestures at you while chanting.
You resist with some effort.
You closely miss Jessica.
Jessica is almost dead.
Jessica misses you. Jessica gestures at you while chanting.
Pain shoots through your body!
You hit Jessica but do no damage.
Jessica is almost dead.
Jessica mumbles something strange.
Jessica points at you and mumbles some strange words.
Pain shoots through your body!
* * * LOW HITPOINT WARNING * * *
Jessica hits you with a +0 dagger!
* * * LOW HITPOINT WARNING * * *
You barely miss Jessica.
Jessica is almost dead.
Jessica casts a spell.
Jessica blinks!
It was a potion of invisibility.
You fade into invisibility!
Jessica mumbles some strange words.
Jessica blinks!
There is a stone staircase leading down here.
Jessica shouts, "Stop bothering me, or I'll kill you!"
Jessica barely misses you.
Jessica gestures wildly while chanting.
Jessica blinks!
There is a stone staircase leading down here.
Jessica misses you. Jessica closely misses you.
Jessica hits you with a +0 dagger.
You die...

#.........####.##### #....@#
#................... ## #.....#
#....####.####.###.# .#
#.....####....# #.# #.###.# .#
#.......##....####.# #.#.... .#
#.......##.........# #.#.#.# .#
#.......##.........# #.#.#<. .#
#.......##.....♣♣..####.#.#.. .#
#.......###.@..♣♣.......#.... .#
#.......# #.@.....#########.#
.#######....####.#...#..........#
.......'........>..........###..#
##...###.........#########.###..#
#.............#.........#......#
#.............#.........#..###.#
##+#.#........#.........#.......
#...#.................<.)..##.#


You could see Jessica (fast).

Vanquished Creatures
  Natasha (thrice) (D:2)
  An orc wizard (D:3)
  2 adders (D:3)
  A worm (D:2)
  A dart slug (D:3)
  2 orcs (D:3)
  5 ball pythons
  2 bats
  An endoplasm (D:3)
  A giant cockroach (D:1)
  7 goblins
  3 hobgoblins (D:2)
  A jackal (D:3)
  4 quokkas
  5 frilled lizards
  4 kobolds
  3 rats
46 creatures vanquished.

Notes
Turn   | Place    | Note
-------+----------+-------------------------------------------
     0 | D:1      | blackman the Human Monk began the quest for the Orb.
     0 | D:1      | Reached XP level 1. HP: 18/18 MP: 1/1
     3 | D:1      | Noticed an electric eel
     4 | D:1      | Noticed an electric eel
   303 | D:1      | Found a faded altar of an unknown god.
   930 | D:1      | Found Eckom's Distillery.
   946 | D:1      | Reached XP level 2. HP: 24/24 MP: 2/2
  1230 | D:2      | Noticed a phantom
  1746 | D:2      | Reached skill level 4 in Axes
  1746 | D:2      | Reached XP level 3. HP: 13/29 MP: 3/3
  2072 | D:2      | Noticed Natasha
  2086 | D:2      | Killed Natasha
  2168 | D:2      | Reached XP level 4. HP: 26/35 MP: 4/4
  2330 | D:2      | Noticed Natasha
  2347 | D:2      | Killed Natasha
  2348 | D:2      | Reached skill level 5 in Axes
  3088 | D:2      | Noticed Natasha
  3102 | D:2      | Killed Natasha
  3103 | D:2      | Reached XP level 5. HP: 41/41 MP: 5/5
  3329 | D:3      | Noticed Jessica
  3506 | D:3      | Noticed Sigmund
  3867 | D:3      | Found an opulent altar of Gozag.
  4011 | D:3      | Found a sacrificial altar of Ru.
  4017 | D:3      | Reached skill level 1 in Long Blades
  4038 | D:3      | Became a worshipper of Ru the Awakened
  4044 | D:3      | Gained mutation: You cannot study or cast Ice magic. [Ru
                  | sacrifice]
  4044 | D:3      | Gained mutation: You cannot study or cast Hexes magic. [Ru
                  | sacrifice]
  4044 | D:3      | Gained mutation: You cannot study or cast Necromancy magic.
                  | [Ru sacrifice]
  4044 | D:3      | Reached * piety under Ru
  4183 | D:3      | HP: 1/41 [Jessica (7)]
  4198 | D:3      | Slain by Jessica

Illustrated notes

Levels and vault maps discovered:
D:1:      arrival_aquarium_b, layout_rooms, serial_shops, nicolae_shop_trees,
          shapermc_ecumenical_altar_notcrosses, minmay_misc_feat_pillars
D:2:      layout_loops_ring, hex_large, minmay_goblin_outpost, uniq_natasha
D:3:      layout_basic, mainiacjoe_overflow_surrounded_room,
          nicolae_ru_great_annihilating_truth, chequers_mini_garden,
          uniq_sigmund, uniq_jessica

Skill      XL: |  1  2  3  4  5 |
---------------+----------------+-----
Axes           | 4 5 |  5.6
Long Blades    | 1 |  1.6
Fighting       | |  3.0
Dodging        | |  3.0
Stealth        | |  2.0

Action                   |  1- 3 |  4- 6 || total
-------------------------+-------+-------++-------
Melee: Hand axe          |    69 |       ||    69
       Dagger            |    17 |    49 ||    66
       Long sword        |       |    23 ||    23
 Fire: Hunting sling     |       |     8 ||     8
Invok: Sacrifice Arcana  |       |     1 ||     1
  Use: Potion            |       |     1 ||     1
 Stab: Sleeping          |     3 |     5 ||     8
Armor: Robe              |     6 |     7 ||    13
       Leather armour    |       |    10 ||    10
Dodge: Dodged            |    56 |    58 ||   114
